3A
DELAWARE 1787 BC @ MYRTLE BEACH SEAHAWKS
07/09/2022
 
TOP OF THE 1ST
Delaware 1787 BC batting - Pitching for Myrtle Beach Seahawks : LHP José Rico
Pitching: LHP José Rico
Batting: LHB Tony Vega 0-0: Called Strike
0-1: Fly out, F7 (Line Drive, 7LD)
Batting: LHB José Cordero 0-0: Called Strike
0-1: Swinging Strike
0-2: Fly out, F7 (Flyball, 78M)
Batting: RHB Jim Scott 0-0: Called Strike
0-1: Foul Ball, location: 2F
0-2: Foul Ball, location: 2F
0-2: Ball
1-2: Ball
2-2: Fly out, F7 (Flyball, 7LD)
Top of the 1st over - 0 run(s), 0 hit(s), 0 error(s), 0 left on base; Delaware 0 - Myrtle Beach 0
BOTTOM OF THE 1ST
Myrtle Beach Seahawks batting - Pitching for Delaware 1787 BC : RHP Pedro Rodríguez
Pitching: RHP Pedro Rodríguez
Batting: RHB Fernando Pérez 0-0: DOUBLE (Line Drive, 89D)
Batting: RHB José Sosa 0-0: Fly out, F3 (Popup, 3SF)
Batting: SHB Jorge Barrios 0-0: Called Strike
0-1: Ball
Fernando Pérez steals 3rd base
1-1: Foul Ball, location: 2F
1-2: Strikes out swinging
Batting: RHB Rodrigo Lugo 0-0: Called Strike
0-1: Ball
1-1: Foul Ball, location: 2F
1-2: Ball
2-2: Strikes out swinging
Bottom of the 1st over - 0 run(s), 1 hit(s), 0 error(s), 1 left on base; Delaware 0 - Myrtle Beach 0
TOP OF THE 2ND
Delaware 1787 BC batting - Pitching for Myrtle Beach Seahawks : LHP José Rico
Batting: LHB Ángel Aguilar 0-0: Ball
1-0: Swinging Strike
1-1: Ball
2-1: Swinging Strike
2-2: Foul Ball, location: 2F
2-2: Strikes out swinging
Batting: RHB Henrique Shearman 0-0: Ball
1-0: Ball
2-0: Called Strike
2-1: Foul Ball, location: 2F
2-2: Reached on error, E1 (Groundball, 13)
Batting: RHB Pedro Rivera 0-0: Swinging Strike
0-1: Ball
1-1: Foul Ball, location: 2F
1-2: Ball
2-2: Strikes out swinging
Batting: RHB Mike Greene 0-0: Ball
Wild Pitch!
Henrique Shearman to third
1-0: Foul Ball, location: 2F
1-1: Ball
2-1: Foul Ball, location: 2F
2-2: Ball
3-2: Foul Ball, location: 2F
3-2: Strikes out looking
Top of the 2nd over - 0 run(s), 0 hit(s), 1 error(s), 1 left on base; Delaware 0 - Myrtle Beach 0
BOTTOM OF THE 2ND
Myrtle Beach Seahawks batting - Pitching for Delaware 1787 BC : RHP Pedro Rodríguez
Batting: SHB Tony Martínez 0-0: Swinging Strike
0-1: Called Strike
0-2: Foul Ball, location: 2F
0-2: Strikes out swinging
Batting: RHB Manuel Díaz 0-0: Ball
1-0: Called Strike
1-1: Called Strike
1-2: Fly out, F8 (Flyball, 8LM)
Batting: RHB Guillaume Colin 0-0: Ball
1-0: Ball
2-0: Ball
3-0: Called Strike
3-1: Base on Balls
Batting: RHB Roberto Escues 0-0: Ball
1-0: Foul Ball, location: 2F
1-1: Ball
2-1: Called Strike
2-2: Strikes out swinging
Bottom of the 2nd over - 0 run(s), 0 hit(s), 0 error(s), 1 left on base; Delaware 0 - Myrtle Beach 0
TOP OF THE 3RD
Delaware 1787 BC batting - Pitching for Myrtle Beach Seahawks : LHP José Rico
Batting: LHB Salvador Avilés 0-0: Ball
1-0: Ground out U3 (Groundball, 3L)
Batting: RHB David Ortega 0-0: Swinging Strike
0-1: Ball
1-1: Ball
2-1: SINGLE (Line Drive, 6M)
Batting: LHB Tony Vega 0-0: Ball
1-0: Hit by Pitch
David Ortega to second
Batting: LHB José Cordero 0-0: Ball
1-0: Foul Ball, location: 2F
1-1: Ball
2-1: Foul Ball, location: 2F
2-2: Ball
3-2: Fielders Choice at 2nd, U4 (Groundball, 4)
David Ortega to third
Batting: RHB Jim Scott 0-0: Called Strike
0-1: Ball
1-1: Foul Ball, location: 2F
1-2: Ball
2-2: Foul Ball, location: 2F
2-2: Strikes out swinging
Top of the 3rd over - 0 run(s), 1 hit(s), 0 error(s), 2 left on base; Delaware 0 - Myrtle Beach 0
BOTTOM OF THE 3RD
Myrtle Beach Seahawks batting - Pitching for Delaware 1787 BC : RHP Pedro Rodríguez
Batting: RHB Jim Unknown 0-0: Swinging Strike
0-1: Swinging Strike
0-2: Ball
1-2: Foul Ball, location: 2F
1-2: Foul Ball, location: 2F
1-2: Strikes out swinging
Batting: RHB Fernando Pérez 0-0: Called Strike
0-1: Ball
1-1: Swinging Strike
1-2: Strikes out swinging
Batting: RHB José Sosa 0-0: Ball
1-0: Called Strike
1-1: Ball
2-1: Swinging Strike
2-2: Strikes out swinging
Bottom of the 3rd over - 0 run(s), 0 hit(s), 0 error(s), 0 left on base; Delaware 0 - Myrtle Beach 0
TOP OF THE 4TH
Delaware 1787 BC batting - Pitching for Myrtle Beach Seahawks : LHP José Rico
Batting: LHB Ángel Aguilar 0-0: Foul Ball, location: 2F
0-1: Called Strike
0-2: SINGLE (Flyball, 6MD)
Batting: RHB Henrique Shearman 0-0: Ball
1-0: Ball
2-0: Ground out 5-3 (Groundball, 5S)
Ángel Aguilar to second
Batting: RHB Pedro Rivera 0-0: Swinging Strike
0-1: Ball
1-1: Foul Ball, location: 2F
1-2: Ball
2-2: Strikes out swinging
Batting: RHB Mike Greene 0-0: Foul Ball, location: 2F
0-1: Ground out 1-3 (Groundball, 23)
Top of the 4th over - 0 run(s), 1 hit(s), 0 error(s), 1 left on base; Delaware 0 - Myrtle Beach 0
BOTTOM OF THE 4TH
Myrtle Beach Seahawks batting - Pitching for Delaware 1787 BC : RHP Pedro Rodríguez
Batting: SHB Jorge Barrios 0-0: Ball
1-0: Fly out, F4 (Popup, 4D)
Batting: RHB Rodrigo Lugo 0-0: Foul Ball, location: 2F
0-1: Foul Ball, location: 2F
0-2: Foul Ball, location: 2F
0-2: Foul Ball, location: 2F
0-2: Strikes out looking
Batting: SHB Tony Martínez 0-0: Called Strike
0-1: Foul Ball, location: 2F
0-2: Strikes out swinging
Bottom of the 4th over - 0 run(s), 0 hit(s), 0 error(s), 0 left on base; Delaware 0 - Myrtle Beach 0
TOP OF THE 5TH
Delaware 1787 BC batting - Pitching for Myrtle Beach Seahawks : LHP José Rico
Batting: LHB Salvador Avilés 0-0: SINGLE (Line Drive, 4MD)
Batting: RHB David Ortega 0-0: Sac Bunt - play at first, batter OUT! 1-3
Salvador Avilés to second
Batting: LHB Tony Vega 0-0: Ball
1-0: SINGLE (Groundball, 6MD) (infield hit)
Salvador Avilés to third
Batting: LHB José Cordero 0-0: Foul Ball, location: 2F
0-1: Ball
1-1: Called Strike
Tony Vega steals 2nd base
1-2: DOUBLE (Groundball, 5L)
Salvador Avilés scores
Tony Vega scores
Batting: RHB Jim Scott 0-0: Called Strike
0-1: Foul Ball, location: 2F
0-2: Strikes out swinging
Batting: LHB Ángel Aguilar 0-0: Swinging Strike
0-1: Called Strike
0-2: Ground out 6-3 (Groundball, 6M)
Top of the 5th over - 2 run(s), 3 hit(s), 0 error(s), 1 left on base; Delaware 2 - Myrtle Beach 0
BOTTOM OF THE 5TH
Myrtle Beach Seahawks batting - Pitching for Delaware 1787 BC : RHP Pedro Rodríguez
Batting: RHB Manuel Díaz 0-0: Called Strike
0-1: Foul Ball, location: 2F
0-2: Ball
1-2: Ball
2-2: Strikes out swinging
Batting: RHB Guillaume Colin 0-0: Ball
1-0: Foul Ball, location: 2F
1-1: Called Strike
1-2: Fly out, F8 (Flyball, 8LD)
Batting: RHB Roberto Escues 0-0: Called Strike
0-1: Foul Ball, location: 2F
0-2: Ball
1-2: Fly out, F7 (Flyball, 78M)
Bottom of the 5th over - 0 run(s), 0 hit(s), 0 error(s), 0 left on base; Delaware 2 - Myrtle Beach 0
TOP OF THE 6TH
Delaware 1787 BC batting - Pitching for Myrtle Beach Seahawks : LHP José Rico
Batting: RHB Henrique Shearman 0-0: Ball
1-0: Ball
2-0: Ground out 5-3 (Groundball, 5)
Batting: RHB Pedro Rivera 0-0: Ball
1-0: Ground out 5-3 (Groundball, 5L)
Batting: RHB Mike Greene 0-0: Ball
1-0: Ball
2-0: Fly out, F8 (Flyball, 8RS)
Top of the 6th over - 0 run(s), 0 hit(s), 0 error(s), 0 left on base; Delaware 2 - Myrtle Beach 0
BOTTOM OF THE 6TH
Myrtle Beach Seahawks batting - Pitching for Delaware 1787 BC : RHP Pedro Rodríguez
Batting: RHB Jim Unknown 0-0: Ball
1-0: Ball
2-0: Ball
3-0: Base on Balls
Batting: RHB Fernando Pérez Pickoff Throw to First - Out!
0-0: Swinging Strike
0-1: Ball
1-1: Swinging Strike
1-2: Foul Ball, location: 2F
1-2: Strikes out looking
Batting: RHB José Sosa 0-0: Ball
1-0: Called Strike
1-1: Ball
2-1: Ball
3-1: Fly out, F7 (Flyball, 78M)
Bottom of the 6th over - 0 run(s), 0 hit(s), 0 error(s), 0 left on base; Delaware 2 - Myrtle Beach 0
TOP OF THE 7TH
Delaware 1787 BC batting - Pitching for Myrtle Beach Seahawks : LHP José Rico
Batting: LHB Salvador Avilés 0-0: Ball
1-0: Ball
2-0: Foul Ball, location: 2F
2-1: Swinging Strike
2-2: Foul Ball, location: 2F
2-2: Foul Ball, location: 2F
2-2: Ball
3-2: Strikes out swinging
Batting: RHB David Ortega 0-0: Ball
1-0: Ball
2-0: Swinging Strike
2-1: SINGLE (Line Drive, 8LS)
Batting: LHB Tony Vega 0-0: Ball
1-0: Fly out, F4 (Line Drive, 4)
Batting: LHB José Cordero 0-0: Ball
1-0: Ground out 4-3 (Groundball, 4)
Top of the 7th over - 0 run(s), 1 hit(s), 0 error(s), 1 left on base; Delaware 2 - Myrtle Beach 0
BOTTOM OF THE 7TH
Myrtle Beach Seahawks batting - Pitching for Delaware 1787 BC : RHP Pedro Rodríguez
Batting: SHB Jorge Barrios 0-0: Called Strike
0-1: Ball
1-1: Called Strike
1-2: Strikes out looking
Batting: RHB Rodrigo Lugo 0-0: Foul Ball, location: 2F
0-1: Hit by Pitch
Batting: SHB Tony Martínez 0-0: Ball
Rodrigo Lugo is caught stealing 2nd base
1-0: Called Strike
1-1: Foul Ball, location: 2F
1-2: Ball
2-2: Ball
3-2: SOLO HOME RUN (Flyball, 9D), Distance : 398 ft
Batting: RHB Manuel Díaz 0-0: Ball
1-0: Foul Ball, location: 2F
1-1: Ground out 6-3 (Groundball, 56)
Bottom of the 7th over - 1 run(s), 1 hit(s), 0 error(s), 0 left on base; Delaware 2 - Myrtle Beach 1
TOP OF THE 8TH
Delaware 1787 BC batting - Pitching for Myrtle Beach Seahawks : LHP José Rico
Batting: RHB Jim Scott 0-0: Called Strike
0-1: Ball
1-1: Called Strike
1-2: SINGLE (Line Drive, 78S)
Batting: LHB Ángel Aguilar 0-0: Foul Ball, location: 2F
0-1: Swinging Strike
0-2: Strikes out looking
Batting: RHB Henrique Shearman 0-0: Ball
1-0: Called Strike
1-1: Swinging Strike
1-2: Ball
2-2: Ball
3-2: Base on Balls
Jim Scott to second
Pitching: RHP Andrew Webster
Pinch Hitting: SHB Alonso Solís 0-0: Called Strike
0-1: Ball
1-1: Called Strike
1-2: Grounds into double play, 6-4-3 (Groundball, 6)
Top of the 8th over - 0 run(s), 1 hit(s), 0 error(s), 1 left on base; Delaware 2 - Myrtle Beach 1
BOTTOM OF THE 8TH
Myrtle Beach Seahawks batting - Pitching for Delaware 1787 BC : RHP Pedro Rodríguez
Pitching: LHP Jim Unknown
Now at 1B: Jim Unknown
Batting: RHB Guillaume Colin 0-0: Called Strike
0-1: Ball
1-1: Foul Ball, location: 2F
1-2: Fly out, F9 (Flyball, 89XD)
Batting: RHB Roberto Escues 0-0: Ball
1-0: Fly out, F3 (Popup, 3SF)
Batting: RHB Jim Unknown 0-0: Ball
1-0: Foul Ball, location: 2F
1-1: Ball
2-1: Called Strike
2-2: Strikes out swinging
Bottom of the 8th over - 0 run(s), 0 hit(s), 0 error(s), 0 left on base; Delaware 2 - Myrtle Beach 1
TOP OF THE 9TH
Delaware 1787 BC batting - Pitching for Myrtle Beach Seahawks : RHP Andrew Webster
Pitching: RHP Dennis Dunn
Batting: RHB Mike Greene 0-0: Ball
1-0: Ball
2-0: Called Strike
2-1: Called Strike
2-2: Foul Ball, location: 2F
2-2: Ball
3-2: Foul Ball, location: 2F
3-2: Base on Balls
Batting: LHB Salvador Avilés 0-0: Sac Bunt - play at first, batter OUT! 1-4
Mike Greene to second
Batting: RHB David Ortega 0-0: Ball
1-0: SINGLE (Line Drive, 56D)
Mike Greene to third
Runner from 3rd tries for Home, throw and OUT!
David Ortega to second
Batting: LHB Tony Vega 0-0: Ball
1-0: Swinging Strike
1-1: Ball
2-1: Swinging Strike
2-2: Ball
3-2: Base on Balls
Batting: LHB José Cordero 0-0: Called Strike
0-1: Ball
1-1: Ball
2-1: Fly out, F7 (Flyball, 7M)
Top of the 9th over - 0 run(s), 1 hit(s), 0 error(s), 2 left on base; Delaware 2 - Myrtle Beach 1
BOTTOM OF THE 9TH
Myrtle Beach Seahawks batting - Pitching for Delaware 1787 BC : LHP Jim Unknown
Batting: RHB Fernando Pérez 0-0: Ball
1-0: Ball
2-0: Ground out 5-3 (Groundball, 56)
Batting: RHB José Sosa 0-0: Fly out, F9 (Flyball, 9M)
Batting: SHB Jorge Barrios 0-0: Called Strike
0-1: Foul Ball, location: 2F
0-2: Ball
1-2: Strikes out swinging
Bottom of the 9th over - 0 run(s), 0 hit(s), 0 error(s), 0 left on base; Delaware 2 - Myrtle Beach 1
This league is powered by Out of the Park Baseball, the baseball management simulation game for PC, Mac and Linux
Friday, April 15th, 2016 - OOTP Baseball 16.9 Build 39